AoeStats
← Dartagnan

Arena

510096253Analyzed
1v1 RM · 2d ago on Sep 29, 2026· 47m 14s· 2 players
Game mode
Random Map
Map size
Tiny (2 player)
Population
200
Speed
Normal
Resources
Standard
Victory
Conquest
Starting age
Dark Age
Ending age
Imperial Age
RankedLock teamsTeams togetherTeam positionsShared explorationLock speedFull tech treeHidden civsTurbo modeCheats
Victory
Defeat
792
+15
🇫🇷 Vietnamese · France
771
-15
Dartagnan
10:18 Feudal Age
10:57 Double-Bit Axe
11:47 Horse Collar
15:48 Wheelbarrow
17:50 Town Watch
20:43 Castle Age
20:48 Gold Mining
22:02 Bow Saw
21:55 Heavy Plow
25:06 Imperial Age
26:58 Fletching
27:56 Bodkin Arrow
28:03 Padded Archer Armor
29:42 Hand Cart
35:52 Ballistics
36:07 Elite Skirmisher
36:54 Thumb Ring
37:56 Imperial Skirmisher
38:44 Bracer
39:00 Leather Archer Armor
40:06 Chemistry
42:08 Pikeman
46:53 Chatras
47:18 Paper Money
哄好队友就能赢
11:00 Feudal Age
14:42 Castle Age
13:28 Double-Bit Axe
13:26 Horse Collar
15:25 Loom
20:27 Stone Mining
21:35 Wheelbarrow
24:01 Hand Cart
24:40 Scale Mail Armor
29:18 Imperial Age
28:27 Bow Saw
29:03 Chain Mail Armor
30:34 Chemistry
30:25 Squires
30:58 Plate Mail Armor
32:14 Husbandry
32:25 Bloodlines
31:35 Light Cavalry
32:08 Cavalier
33:39 Bloodlines
33:32 Savar
35:39 Masonry
36:42 Bloodlines
38:18 Scale Barding Armor
38:25 Forging
39:43 Chain Barding Armor
39:00 Elite War Elephant
42:39 Conscription
43:22 Conscription
45:06 Plate Barding Armor
45:47 Guilds
45:54 Gold Mining
Connection lost

Rejoining the realm…

Still unreachable

The connection could not be restored.

Session expired

The server has moved on; the page needs a fresh start.